 Dungeon Crawl Stone Soup version 0.26.0-20-g3ca415f5b8 (webtiles) character file.

Game seed: 8253936119740619793

5742 Prakerore the Covert (level 10, 39/39 HPs)
             Began as a Felid Enchanter on Jan 24, 2021.
             Was an Elder of Ashenzari.
             Quit the game on level 9 of the Dungeon.
             The game lasted 00:40:54 (16131 turns).

Prakerore the Covert (Felid Enchanter)             Turns: 16131, Time: 00:40:55

Health: 39/39      AC:  2    Str: 10    XL:     10   Next: 49%
Magic:  21/21      EV: 20    Int: 20    God:    Ashenzari [****..]
Gold:   749        SH:  0    Dex: 17    Spells: 16/22 levels left
                                        Lives:  2   Deaths: 1

rFire    . . .     SeeInvis +     - Unarmed
rCold    . . .     Faith    .   (shield unavailable)
rNeg     . . .     Spirit   .   (armour unavailable)
rPois    .         Reflect  .   (helmet unavailable)
rElec    .         Harm     .   (cloak unavailable)
rCorr    .         Rampage  .   (gloves unavailable)
Will     +....     Clarity  +   (boots unavailable)
Stlth    ++++++....             r - amulet of magic regeneration (curse)
HPRegen  0.13/turn              o - +6 ring of strength (curse)
MPRegen  0.42/turn              v - +4 ring of slaying (curse)

@: quick
A: very small, no armour, no weapons or thrown items, stealth, claws 1, fangs 3,
see invisible, speed 1, shaggy fur 2, sharp paws
a: Renounce Religion, Curse Item, Scrying


You were on level 9 of the Dungeon.
You worshipped Ashenzari.
Ashenzari was greatly pleased with you.
You visited 2 branches of the dungeon, and saw 12 of its levels.
You also visited: Bailey.

You collected 749 gold pieces.

Inventory:

Jewellery
 f - an uncursed ring of ice
 o - a cursed +6 ring of strength (left paw)
 r - a cursed amulet of magic regeneration (around neck)
 v - a cursed +4 ring of slaying (right paw)
Wands
 w - a wand of acid (15)
 y - a wand of disintegration (10)
Scrolls
 c - 6 scrolls of teleportation {unknown}
 g - 5 scrolls of magic mapping {unknown}
 k - a scroll of blinking {unknown}
 l - 5 scrolls of amnesia {unknown}
 n - 11 scrolls of identify {unknown}
 p - a scroll of enchant armour {unknown}
 s - 2 scrolls of remove curse
 B - 2 scrolls of enchant weapon {unknown}
Potions
 a - a potion of degeneration {unknown}
 b - 2 potions of flight {unknown}
 d - 3 potions of invisibility {unknown}
 e - a potion of ambrosia {unknown}
 h - 3 potions of lignification {unknown}
 i - 3 potions of heal wounds {unknown}
 j - 4 potions of might {unknown}
 m - 6 potions of curing {unknown}
 q - 2 potions of attraction {unknown}
 t - a potion of berserk rage {unknown}
 u - a potion of resistance {unknown}
 x - a potion of mutation {unknown}
 z - a potion of brilliance {unknown}
 A - 3 potions of haste {unknown}


   Skills:
 + Level 1.1 Fighting
 + Level 4.8 Dodging
 + Level 14.0 Stealth
 + Level 6.7 Unarmed Combat
 + Level 6.8 Spellcasting
 - Level 10.0(13.3) Hexes
 - Level 1.0(3.0) Ice Magic


You had 16 spell levels left.
You knew the following spells:

 Your Spells              Type           Power        Failure   Level
a - Corona                Hex            62%          1%          1
b - Ensorcelled Hibernat  Hex/Ice        78%          1%          2
c - Confusing Touch       Hex            56%          1%          3

Your spell library contained the following spells:

 Spells                   Type           Power        Failure   Level
 Dazzling Flash           Conj/Hex       68%          1%          3
 Tukima's Dance           Hex            56%          1%          3
 Beastly Appendage        Tmut           16%          8%          1
 Sting                    Tmut/Pois      32%          8%          1
 Poisonous Vapours        Pois/Air       16%          12%         2
 Wereblood                Tmut           8%           12%         2
 Ignite Poison            Fire/Tmut/Pois 8%           24%         3
 Mephitic Cloud           Conj/Pois/Air  8%           24%         3
 Spider Form              Tmut/Pois      4%           24%         3
 Ice Form                 Ice/Tmut       13%          43%         4
 Olgreb's Toxic Radiance  Pois           8%           61%         4
 Blade Hands              Tmut           4%           91%         5


Dungeon Overview and Level Annotations

Branches:
Dungeon (11/15)            Temple (1/1) D:4             Orc (0/2) D:9
 Bailey (visited)
   Lair: D:8-11

Altars:
Ashenzari
Cheibriados
Dithmenos
Elyvilon
Fedhas
Gozag
Hepliaklqana
Kikubaaqudgha
Makhleb
Nemelex Xobeh
Okawaru
Qazlal
Ru
Sif Muna
Trog
Uskayaw
Vehumet
Wu Jian
Xom
Yredelemnul
Zin
The Shining One

Shops:
D:10 =

Annotations:
D:5 Grinder
D:6 exclusion: centaur
D:7 exclusions: downstairs, 2 lemures, ogre and sensed monster (detected)
D:8 exclusions: centaur, 3 killer bees, ogre, orc warrior and sensed monster (detected)
D:9 exclusions: manticore, orc priest, shadow imp and 4 yaks
D:10 exclusions: troll and ufetubus, Joseph
D:11 exclusions: boulder beetle, cyclops, electric eel, orc priest, 2 orc wizards, two-headed ogre, warg and 1 more exclusion


Innate Abilities, Weirdness & Mutations

You cannot wear armour.
You are incapable of wielding weapons or throwing items.
Your paws allow you to move quietly. (Stealth)
You have sharp claws.
You have razor-sharp teeth.
You have supernaturally acute eyesight. (SInv)
You cover ground quickly.
You are covered in thick fur. (AC +2)
Your sharp claws are effective at attacking unaware monsters.


Message History

There are monsters nearby!
There are monsters nearby!
There are monsters nearby!
Things that are here:
a cursed +0 long sword; a +0 robe
There are monsters nearby!
There are monsters nearby!
There are monsters nearby!
There are monsters nearby!
Really walk into a travel-excluded area? [Y]es or [N]o only, please.
Really walk into a travel-excluded area?
Okay, then.
Level annotation: exclusions: manticore, orc priest, shadow imp and 4 yaks Options error: Bad object type '%}|\[]' for autopickup. (~/.crawlrc:3) Options error: Bad object type ']' for autopickup. (~/.crawlrc:3) Welcome back, Prakerore the Felid Enchanter.
Ashenzari says: Partake of my vision.
Partake of my curse.
Press ? for a list of commands and other information.
Are you sure you want to abandon this character and quit the game? (Confirm with "yes".)

### #.# #.# #.#
##########.#######.#
...................#
.#########.#######.# ####
...............###.###########...
.................................
.)....##....[..###.###########.##
......##☼☼.☼....@................
......#.).☼.[......###########.##
.........).°...###.# #.#...
.#######.o(z°..###.#########.#.##
.# , ..>.......................
.... ,..........................
.###* #...##..####.....##.#.#.##
.# ** #........###.###.##.#.#..#
.# ,,,.................##.#.#...


You could see an orc warrior (wandering) and a wight (wandering).

Vanquished Creatures
  An unseen horror (D:11)
  3 trolls
  A wyvern (D:9)
  3 yaks (D:10)
  Grum (D:8)
  A soldier ant (D:10)
  A water moccasin (D:4)
  2 orc warriors
  A black bear (D:5)
  An ice beast (D:10)
  3 sky beasts
  2 phantoms
  An eye of draining (D:8)
  2 necrophages
  4 wolves (D:8)
  6 bullfrogs
  4 scorpions
  4 wights (D:9)
  3 bullfrog zombies
  2 centaur zombies
  11 orc wizards
  A centaur skeleton (D:11)
  5 hounds
  A jelly (D:4)
  3 bullfrog skeletons
  Jessica (D:3)
  An iguana (D:10)
  3 worker ants
  A hound zombie (D:8)
  Robin (D:2)
  3 gnolls (D:3)
  14 adders
  A shadow imp (D:5)
  A white imp (D:6)
  2 ufetubi (D:7)
  An ooze (D:1)
  2 adder skeletons (D:5)
  An adder zombie (D:5)
  2 dart slugs (D:1)
  2 worms
  3 leopard geckos
  36 orcs
  11 giant cockroaches
  19 goblins
  17 hobgoblins
  4 quokkas
  3 ball pythons
  10 bats
  6 frilled lizards
  A jackal skeleton (D:8)
  4 kobolds
  A quokka skeleton (D:3)
  11 rats
229 creatures vanquished.

Vanquished Creatures (others)
  A scorpion (D:9)
  2 wights (D:9)
  An orc priest (D:9)
  A jelly (D:9)
  A hound (D:9)
  An orc wizard (D:9)
  An orc (D:9)
  A goblin (D:9)
9 creatures vanquished.

Grand Total: 238 creatures vanquished

Notes
Turn   | Place    | Note
-------+----------+-------------------------------------------
     0 | D:1      | Prakerore the Felid Enchanter began the quest for the Orb.
     0 | D:1      | Reached XP level 1. HP: 7/7 MP: 4/4
   236 | D:1      | Reached XP level 2. HP: 11/11 MP: 3/6
   353 | D:1      | Learned a level 2 spell: Ensorcelled Hibernation
  1092 | D:1      | Reached skill level 5 in Hexes
  1296 | D:1      | Reached XP level 3. HP: 9/14 MP: 2/7
  1300 | D:1      | Learned a level 3 spell: Confusing Touch
  1695 | D:2      | Noticed Robin
  1818 | D:1      | Reached skill level 1 in Ice Magic
  2244 | D:2      | Killed Robin
  2539 | D:2      | Reached skill level 5 in Stealth
  2657 | D:2      | Reached XP level 4. HP: 18/18 MP: 8/8
  4102 | D:3      | Mangled by an orc
  4103 | D:3      | Reached XP level 3. HP: -9/14 MP: 4/7
  4595 | D:3      | Reached XP level 4. HP: 18/18 MP: 5/8
  5774 | D:4      | Reached skill level 6 in Stealth
  6035 | D:4      | Found a staircase to the Ecumenical Temple.
  6040 | Temple   | Entered the Ecumenical Temple
  6175 | Temple   | Became a worshipper of Ashenzari the Shackled
  6324 | D:4      | Noticed a water moccasin
  6332 | D:4      | Found a hazy altar of Hepliaklqana.
  6664 | D:5      | Entered Level 5 of the Dungeon
  6740 | D:5      | Noticed a black bear
  6958 | D:5      | Found a shimmering altar of Xom.
  7042 | D:5      | Reached XP level 5. HP: 21/21 MP: 10/10
  7333 | D:5      | Noticed a sky beast
  7395 | D:4      | Found a shimmering blue altar of Sif Muna.
  7395 | D:4      | Noticed a sky beast
  7400 | D:4      | Killed a sky beast
  7731 | D:4      | Gained mutation: You are covered in thick fur. (AC +2)
                  | [Felid growth]
  7731 | D:4      | Reached XP level 6. HP: 24/24 MP: 12/12
  8328 | D:4      | Reached skill level 7 in Stealth
  8818 | D:5      | Killed a sky beast
  8819 | D:5      | Reached XP level 7. HP: 20/28 MP: 9/14
  9090 | D:5      | Reached skill level 8 in Stealth
  9340 | D:6      | Reached * piety under Ashenzari
  9340 | D:6      | Found a burning altar of Makhleb.
  9464 | D:6      | Found a hide-covered altar of Uskayaw.
  9674 | D:7      | Reached skill level 9 in Stealth
  9730 | D:7      | Reached XP level 8. HP: 10/31 MP: 15/15
 10431 | D:8      | Found a blossoming altar of Fedhas.
 10566 | D:8      | Found a snail-covered altar of Cheibriados.
 10676 | D:8      | Found a flagged portal.
 10901 | Bailey   | Entered a bailey
 11027 | D:8      | Reached skill level 10 in Stealth
 11033 | D:8      | Noticed Grum
 11112 | D:8      | Found an iron altar of Okawaru.
 11579 | D:8      | Reached skill level 5 in Unarmed Combat
 11579 | D:8      | Reached skill level 5 in Spellcasting
 11624 | D:9      | Reached ** piety under Ashenzari
 11768 | D:9      | Reached XP level 9. HP: 28/34 MP: 17/17
 11830 | D:9      | Reached skill level 11 in Stealth
 11991 | D:9      | Noticed a manticore
 12190 | D:9      | Found a staircase to the Orcish Mines.
 12443 | D:9      | Noticed a two-headed ogre
 12771 | D:9      | Found a radiant altar of Vehumet.
 12814 | D:9      | Reached skill level 12 in Stealth
 12985 | D:10     | Entered Level 10 of the Dungeon
 13043 | D:10     | Noticed a troll
 13191 | D:10     | Found Virim's Jewellery Emporium.
 13309 | D:10     | Reached *** piety under Ashenzari
 13457 | D:10     | Noticed a troll
 13498 | D:10     | Noticed Joseph
 13871 | D:10     | Noticed a troll
 13878 | D:10     | Killed a troll
 13879 | D:10     | Reached skill level 13 in Stealth
 13879 | D:10     | Reached XP level 10. HP: 38/38 MP: 20/20
 14144 | D:11     | Noticed an unseen horror
 14151 | D:11     | Killed an unseen horror
 14152 | D:11     | Reached skill level 1 in Fighting
 14202 | D:11     | Noticed a two-headed ogre
 14391 | D:11     | Noticed a boulder beetle
 14410 | D:11     | Noticed a cyclops
 14734 | D:2      | Found a faded altar of an unknown god.
 15001 | D:3      | Noticed Jessica
 15009 | D:3      | Killed Jessica
 15087 | D:4      | Reached skill level 10 in Hexes
 15320 | D:5      | Noticed Grinder
 15580 | D:7      | Reached **** piety under Ashenzari
 15896 | D:8      | Killed Grum
 15897 | D:8      | Reached skill level 14 in Stealth
 16130 | D:9      | Upgraded the game from 0.26.0-18-gc5c842f807 to
                  | 0.26.0-20-g3ca415f5b8
 16131 | D:9      | Quit the game

Illustrated notes

Levels and vault maps discovered:
D:1:      minmay_arrival_cross, layout_basic, chequers_decorated_corner
D:2:      layout_loops_ring, chequers_ecumenical_altar_simple, uniq_robin
D:3:      layout_basic, uniq_jessica
D:4:      layout_basic, kennysheep_little_box, lemuel_doored_altar,
          minmay_temple_entry_wispy
D:5:      minmay_skewed_foursquare, layout_cave_pools, basic_altar, uniq_grinder
D:6:      layout_rooms, bloody_makhleb, eat_drink_and_be_merry_uskayaw
D:7:      layout_loops_ring, minmay_three_doors, uniq_pikel
D:8:      layout_loops_ring, lemuel_round_altar, basic_altar, enter_bailey_3,
          st_stairs_11, minivault_26, fedhas_altar_2, uniq_maggie, uniq_grum
D:9:      layout_basic, fiery_altar_vehumet, erik_orc_3
D:10:     layout_irregular_city, serial_shops, shop_statue,
          serial_park_tiny_pond, chequers_mini_garden, uniq_joseph
D:11:     layout_big_octagon, erik_lair_orcish_takeover,
          ploomutoo_gammafunk_ghost_potion_laboratory, serial_shops, shop,
          basic_altar
Temple:   nicolae_temple_elliptical

Skill      XL: |  1  2  3  4  5  6  7  8  9 10 |
---------------+-------------------------------+-----
Hexes          | 5 6 7 8 9 10 | 10.0
Ice Magic      | 1 |  1.0
Stealth        | 5 6 7 9 10 13 14 | 14.0
Dodging        | 3 4 |  4.8
Spellcasting   | 3 4 5 6 |  6.8
Unarmed Combat | 2 3 5 6 |  6.7
Fighting       | 1 |  1.1

Action                   |  1- 3 |  4- 6 |  7- 9 | 10-12 || total
-------------------------+-------+-------+-------+-------++-------
Melee: Unarmed           |    83 |   105 |   156 |    63 ||   407
       Bite              |     5 |     6 |    14 |     4 ||    29
       Punch             |       |       |     1 |     1 ||     2
 Cast: Corona            |     9 |     1 |       |       ||    10
       Ensorcelled Hiber |    54 |    61 |    70 |    30 ||   215
       Confusing Touch   |       |       |    13 |     3 ||    16
Invok: Curse Item        |       |     2 |     1 |       ||     3
 Stab: Sleeping          |    39 |    50 |    68 |    36 ||   193
       Distracted        |     1 |       |     1 |       ||     2
       Confused          |       |       |    12 |     1 ||    13
Armor: Skin              |     4 |     5 |     8 |     2 ||    19
Dodge: Dodged            |    76 |    95 |   126 |    46 ||   343
